 Dungeon Crawl Stone Soup version 0.30-a0-715-gdb4ae3ece1 (webtiles) character file.

Game seed: 17056549886302405165

379 OTABOTABOTAB the Caller (level 6, -3/39 HPs)
             Began as an Octopode Summoner on Jan 23, 2023.
             Slain by an iguana (14 damage)
             ... on level 4 of the Dungeon.
             The game lasted 00:09:11 (3815 turns).

OTABOTABOTAB the Caller (Octopode Summoner)         Turns: 3815, Time: 00:09:11

Health: -3/39      AC:  1    Str:  7    XL:     6   Next: 74%
Magic:  4/11       EV: 13    Int: 20    God:
Gold:   114        SH:  0    Dex: 12    Spells: 3/12 levels left

rFire   . . .      SeeInvis .    i - +2 dagger (flame)
rCold   . . .      Faith    .    (no shield)
rNeg    . . .      Spirit   .    (helmet restricted)
rPois   .          Reflect  .    (no amulet)
rElec   .          Harm     .    (no ring)
rCorr   .          Rampage  .    (no ring)
Will    .....                    (no ring)
Stlth   +++                      (no ring)
HPRegen 0.26/turn                (no ring)
MPRegen 0.12/turn                (no ring)
                                 (no ring)
                                 (no ring)

@: no status effects
A: almost no armour, amphibious, 8 rings, camouflage 1, gelatinous body 1,
(nimble swimmer 1), tentacles
a: no special abilities


You were on level 4 of the Dungeon.
You visited 1 branch of the dungeon, and saw 4 of its levels.

You collected 114 gold pieces.

Inventory:

Hand Weapons
 i - a +2 dagger of flaming (weapon)
   (You took it off an orc on level 3 of the Dungeon)
Wands
 d - a wand of digging (3)
   (You took it off Jessica on level 2 of the Dungeon)
Potions
 a - a potion of brilliance {unknown}
 e - a potion of haste {unknown}
 J - 2 potions of curing {@q1}
 M - a potion of magic
 P - a potion of lignification {!q}
 T - a potion of berserk rage {!q}
 U - a potion of mutation {!q}


   Skills:
 + Level 2.0 Fighting
 + Level 3.0 Dodging
 - Level 2.6 Stealth
 + Level 3.8 Spellcasting
 + Level 2.1 Hexes
 + Level 5.4 Summonings


You had 3 spell levels left.
You knew the following spells:

 Your Spells              Type           Power      Damage    Failure   Level
a - Summon Small Mammal   Summ           100%       N/A       1%          1
b - Call Canine Familiar  Summ           25%        N/A       4%          3
c - Call Imp              Summ           25%        N/A       1%          2
d - Summon Guardian Gole  Hex/Summ       19%        N/A       9%          3

Your spell library contained the following spells:

 Spells                   Type           Power      Damage    Failure   Level
 Sandblast                Erth           6%         2d5       13%         1
 Tukima's Dance           Hex            12%        N/A       16%         3
 Passwall                 Tmut/Erth      2%         N/A       21%         2
 Portal Projectile        Hex/Tloc       16%        N/A       26%         3
 Stone Arrow              Conj/Erth      6%         3d7       36%         3
 Summon Lightning Spire   Summ/Air       14%        N/A       38%         4
 Blade Hands              Tmut           1%         N/A       98%         5


Dungeon Overview and Level Annotations

Branches:
Dungeon (4/15)
 Temple: D:4-7

Altars:
Qazlal

Shops:
D:1 :   D:3 =


Innate Abilities, Weirdness & Mutations

You cannot wear most types of armour.
You are amphibious.
You can wear up to eight rings at the same time.
Your skin changes colour to match your surroundings (Stealth+).
Your rubbery body absorbs attacks. (AC +1, EV +1)
((You are camouflaged when in or above water. (Stealth+)))
You have tentacles for arms and can constrict up to eight enemies at once.


Message History

MP restored: 11 Unknown command.
A beastly little devil appears in a puff of flame.
You now have 9/11 mp.
You now have 8/11 mp.
Your crimson imp blinks!
You now have 7/11 mp.
Your hound barely misses the scorpion.
Your rat bites the scorpion but does no damage.
Your rat closely misses the scorpion.
The scorpion stings you.
Your hound bites the scorpion but does no damage.
Your rat closely misses the scorpion.
You take 5 damage, and have 34/39 hp.
Your hound bites the scorpion but does no damage.
Your rat barely misses the scorpion.
You swap places.
An orc priest comes into view. It is wielding a +0 club.
The scorpion stings you. x2
Your rat bites the scorpion but does no damage.
You take 9 damage, and have 26/39 hp.
MASSIVE DAMAGE!!
You swap places.
Your hound bites the scorpion.
The scorpion barely misses your hound.
Your rat bites the scorpion.
Your hound barely misses the scorpion.
Your crimson imp hits the scorpion.
Your quokka bites the scorpion.
Your hound bites the scorpion.
The scorpion misses your quokka.
Your rat bites the scorpion but does no damage.
Your crimson imp hits the scorpion but does no damage.
The orc priest shouts!
Your hound barely misses the scorpion.
Your quokka bites the scorpion.
The scorpion stings your hound.
Your rat bites the scorpion but does no damage.
An iguana comes into view.
Your crimson imp hits the scorpion but does no damage.
Your hound bites the scorpion but does no damage.
Your quokka bites the scorpion but does no damage.
The scorpion closely misses your hound.
Your hound closely misses the scorpion.
Your quokka closely misses the scorpion.
Your crimson imp hits the scorpion.
Your rat closely misses the scorpion.
Your hound bites the scorpion but does no damage.
The scorpion barely misses your hound.
Your quokka barely misses the scorpion.
The orc priest mumbles some strange prayers to Beogh against you.
Pain shoots through your body!
Your rat bites the scorpion.
The scorpion misses your hound.
Your hound closely misses the scorpion.
Your crimson imp blinks!
You take 10 damage, and have 17/39 hp.
MASSIVE DAMAGE!!
A beastly little devil appears in a puff of flame.
Your hound barely misses the scorpion.
Your quokka bites the scorpion but does no damage.
The scorpion closely misses your quokka.
Your rat bites the scorpion but does no damage.
You now have 6/11 mp.
Your hound bites the scorpion but does no damage.
Your quokka bites the scorpion but does no damage.
The scorpion stings your hound.
Your hound closely misses the scorpion.
Your rat bites the scorpion.
Your quokka bites the scorpion but does no damage.
The scorpion stings your hound but does no damage.
Your hound bites the scorpion but does no damage.
Your hound bites the scorpion.
Your quokka bites the scorpion but does no damage.
The scorpion stings your quokka but does no damage.
Your quokka bites the scorpion but does no damage.
Your hound bites the scorpion.
Your rat bites the scorpion but does no damage.
You barely miss the orc priest. Your grab misses the orc priest.
Your squeeze misses the orc priest. The scorpion stings your quokka!
Your quokka dies!
Your quokka's corpse disappears in a puff of smoke!
Your hound bites the scorpion but does no damage.
Your rat barely misses the scorpion.
The scorpion barely misses your hound. The orc priest closely misses you.
Your crimson imp barely misses the scorpion.
You barely miss the orc priest. Your grab misses the orc priest.
Your hound barely misses the scorpion.
The scorpion stings your hound!
Your hound is poisoned.
The scorpion poisons your hound!
Your crimson imp blinks!
Your rat barely misses the scorpion.
Your hound barely misses the scorpion.
The iguana bites you. The orc priest hits you with a +0 club.
* * * LOW HITPOINT WARNING * * *
You take 8 damage, and have 10/39 hp.
MASSIVE DAMAGE!!
You aren't carrying any scrolls.
You feel better.
Your hound dies!
Your hound's corpse disappears in a puff of smoke!
The scorpion stings your rat.
Your rat is poisoned.
The scorpion poisons your rat!
The orc priest hits you but does no damage.
The iguana bites you.
* * * LOW HITPOINT WARNING * * *
Your rat bites the scorpion but does no damage.
Your rat dies!
Your rat's corpse disappears in a puff of smoke!
The iguana bites you!
You die...

#.##...####.#
###.>..........
#.#...#.######
#.........###
#....#..##.†##
##.§.#..#.###(#
#......#.#.####
#.s.#.....##
#..@o...###
#.#h.l.#....
#.##.#...#.##
#.# #...#..#.#
## #.......#.?
.........## ..
#.##### ##. ..


You could see a scorpion (distracted), an iguana (ally target), an orc priest
and a friendly hound (summoned).

Vanquished Creatures
  2 worms
  A dart slug (D:1)
  An orc (D:3)
  2 ball pythons (D:1)
  6 endoplasms
  A giant cockroach (D:2)
  2 goblins
  A hobgoblin (D:1)
  2 quokkas
  4 bats
  5 frilled lizards
  5 kobolds
  4 rats
36 creatures vanquished.

Vanquished Creatures (collateral kills)
  Grinder (D:3)
  Jessica (D:2)
  An iguana (D:4)
  4 adders
  2 worms (D:3)
  A dart slug (D:4)
  2 orcs (D:3)
  4 bats
  3 endoplasms
  2 giant cockroaches (D:3)
  5 goblins
  3 hobgoblins
  5 kobolds
  3 ball pythons
  4 frilled lizards
  A rat (D:1)
42 creatures vanquished.

Grand Total: 78 creatures vanquished

Notes
Turn   | Place    | Note
-------+----------+-------------------------------------------
     0 | D:1      | OTABOTABOTAB the Octopode Summoner began the quest for the
                  | Orb.
     0 | D:1      | Reached XP level 1. HP: 11/11 MP: 3/3
   103 | D:1      | Reached XP level 2. HP: 17/17 MP: 0/5
   580 | D:1      | Learned a level 2 spell: Call Imp
   611 | D:1      | Reached XP level 3. HP: 21/21 MP: 6/6
   732 | D:1      | Found Keilimy's Book Shoppe.
   916 | D:1      | Learned a level 3 spell: Call Canine Familiar
  1327 | D:2      | Noticed Jessica
  1335 | D:2      | Killed Jessica
  1336 | D:2      | Reached skill level 3 in Spellcasting
  1336 | D:2      | Reached XP level 4. HP: 27/27 MP: 1/8
  1346 | D:2      | Learned a level 3 spell: Summon Guardian Golem
  2139 | D:2      | Identified the +1 robe of Gestures {rC+}
  2163 | D:2      | Found a stormy altar of Qazlal.
  2293 | D:3      | Found Elonul's Jewellery Boutique.
  2429 | D:3      | Reached skill level 5 in Summonings
  2765 | D:3      | Reached XP level 5. HP: 32/32 MP: 9/9
  2834 | D:3      | Noticed Grinder
  2866 | D:3      | Killed Grinder
  2867 | D:3      | Reached skill level 1 in Fighting
  2867 | D:3      | Reached skill level 1 in Hexes
  2867 | D:3      | Reached XP level 6. HP: 39/39 MP: 6/11
  3348 | D:3      | Reached skill level 2 in Hexes
  3546 | D:4      | Reached skill level 2 in Fighting
  3546 | D:4      | Reached skill level 3 in Dodging
  3815 | D:4      | Slain by an iguana

Illustrated notes

Levels and vault maps discovered:
D:1:      minmay_arrival_shoal_huts, layout_loops_ring, serial_shops,
          nicolae_lakefront_shop, minmay_misc_feat_room
D:2:      layout_basic, basic_altar, minmay_tree_intersection, uniq_jessica
D:3:      layout_rooms, serial_shops, nicolae_shop_hallway_stairs,
          hangedman_feature_mirror, uniq_grinder
D:4:      layout_loops_corners, minmay_increasing_density

Skill      XL: |  1  2  3  4  5  6 |
---------------+-------------------+-----
Spellcasting   | 3 |  3.8
Summonings     | 5 |  5.4
Fighting       | 1 2 |  2.0
Hexes          | 1 2 |  2.1
Dodging        | 3 |  3.0
Stealth        | |  2.6

Action                     |  1- 3 |  4- 6 || total
---------------------------+-------+-------++-------
  Melee: Dagger            |    45 |    30 ||    75
         Constrict         |    14 |     7 ||    21
         Tentacles         |    11 |     6 ||    17
         Unarmed           |     2 |       ||     2
         Punch             |       |     1 ||     1
  Throw: Stone             |     3 |       ||     3
   Cast: Summon Small Mamm |    34 |    22 ||    56
         Call Canine Famil |     4 |    21 ||    25
         Call Imp          |     4 |    18 ||    22
    Use: Scroll            |     4 |     7 ||    11
         Potion            |       |     1 ||     1
   Stab: Sleeping          |     9 |     2 ||    11
         Distracted        |       |     1 ||     1
 Armour: Skin              |     3 |     8 ||    11
  Dodge: Dodged            |    22 |    21 ||    43

Table legend: (Time is in decaauts)
 A = Elapsed time spent in this place.
 B = Non-inter-level travel time spent in this place.
 C = Inter-level travel time spent in this place.
 D = Time resting spent in this place.
 E = Time spent auto-exploring this place.
 F = Levels seen in this place.
 G = Mean time per level.
                   A        B        C        D        E       F      G
               +--------+--------+--------+--------+--------+-----+--------+
         Total |   3813 |   3757 |     56 |    100 |   2990 |   4 |  953.2 |
       Dungeon |   3813 |   3757 |     56 |    100 |   2990 |   4 |  953.2 |
               +--------+--------+--------+--------+--------+-----+--------+

Top non-repeatable levels by time:
     D:2: 1364 daAuts
     D:3: 1233 daAuts
     D:1: 927 daAuts
     D:4: 287 daAuts

Table legend:
 A = Kills in this place as a percentage of kills in entire the game.
 B = Kills by you in this place as a percentage of kills by you in the entire game.
 C = Kills by friends in this place as a percentage of kills by friends in the entire game.
 D = Other kills in this place as a percentage of other kills in the entire game.
 E = Experience gained in this place as a percentage of experience gained in the entire game.
 F = Experience gained in this place divided by the number of levels of this place that you have seen.
                   A       B       C       D       E      F
               +-------+-------+-------+-------+-------+----------------------
         Total | 100.0 | 100.0 | 100.0 |   N/A | 100.0 | 135.5
       Dungeon | 100.0 | 100.0 | 100.0 |   N/A | 100.0 | 135.5
               +-------+-------+-------+-------+-------+----------------------
